AoeStats
← [Massa] Edo

Arena

508361585Analyzed
2v2 RM · 9d ago on Sep 22, 2026· 25m 12s· 4 players
Game mode
Random Map
Map size
Medium (4 player)
Population
200
Speed
Normal
Resources
Standard
Victory
Conquest
Starting age
Dark Age
Ending age
Imperial Age
RankedLock teamsTeams togetherTeam positionsShared explorationLock speedFull tech treeHidden civsTurbo modeCheats
Victory
Defeat
🇧🇷 Mongols · Brazil
1493
+17
🇧🇷 Italians · Brazil
1454
+19
🇨🇦 Japanese · Canada
1517
-18
🇵🇪 Spanish · Peru
1506
-18
[Massa] Edo
10:27 Feudal Age
14:35 Castle Age
13:10 Double-Bit Axe
13:21 Horse Collar
14:14 Gold Mining
17:00 Fletching
21:56 Bodkin Arrow
24:08 Ballistics
24:53 Gold Shaft Mining
tg
10:47 Feudal Age
11:45 Feudal Age
15:58 Castle Age
13:46 Horse Collar
14:11 Double-Bit Axe
17:18 Wheelbarrow
17:41 Bow Saw
18:04 Loom
19:00 Fletching
Aurum
10:36 Feudal Age
14:45 Castle Age
17:33 Loom
23:16 Double-Bit Axe
TVHG.Phraymus
10:50 Feudal Age
14:33 Castle Age
12:52 Double-Bit Axe
14:51 Scale Barding Armor
19:33 Husbandry
23:30 Bloodlines
24:03 Loom
25:27 Chain Barding Armor
Connection lost

Rejoining the realm…

Still unreachable

The connection could not be restored.

Session expired

The server has moved on; the page needs a fresh start.